 Dungeon Crawl Stone Soup version 0.28.0 (webtiles) character file.

Game seed: 1225494359129087428

3 SnakkuSnakku7 the Grave Robber (level 1, -1/13 HPs)
             Began as a Barachi Necromancer on Feb 14, 2022.
             Slain by a quokka (4 damage)
             ... on level 1 of the Dungeon.
             The game lasted 00:00:21 (154 turns).

SnakkuSnakku7 the Grave Robber (Barachi Necromancer) Turns: 154, Time: 00:00:22

Health: -1/13      AC:  2    Str:  9    XL:     1   Next: 50%
Magic:  0/3        EV: 12    Int: 15    God:
Gold:   0          SH:  0    Dex: 12    Spells: 3/4 levels left

rFire   . . .      SeeInvis .   (no weapon)
rCold   . . .      Faith    .   (no shield)
rNeg    . . .      Spirit   .   a - +0 robe
rPois   .          Reflect  .   (no helmet)
rElec   .          Harm     .   (no cloak)
rCorr   .          Rampage  .   (no gloves)
Will    .....                   (no boots)
Stlth   ++........              (no amulet)
HPRegen 0.04/turn               (no ring)
MPRegen 0.08/turn               (no ring)

@: unable to hop, slow
A: amphibious, slowness 1, strong legs 1, +LOS
a: Hop


You were on level 1 of the Dungeon.
You visited 1 branch of the dungeon, and saw 1 of its levels.

Inventory:

Missiles
 b - 3 curare-tipped darts
Armour
 a - a +0 robe (worn)


   Skills:
 - Level 2.1 Dodging
 - Level 1.7 Stealth
 - Level 2.1 Spellcasting
 + Level 3.8 Necromancy


You had 3 spell levels left.
You knew the following spells:

 Your Spells              Type           Power      Damage    Failure   Level
a - Pain                  Necr           52%        1d6       4%          1

Your spell library contained the following spells:

 Spells                   Type           Power      Damage    Failure   Level
 Animate Skeleton         Necr           26%        N/A       4%          1
 Vampiric Draining        Necr           13%        2d6       14%         3
 Animate Dead             Necr           6%         N/A       41%         4
 Agony                    Necr           13%        N/A       77%         5


Dungeon Overview and Level Annotations

Branches:
Dungeon (1/15)

Altars:


Innate Abilities, Weirdness & Mutations

You are amphibious.
You cover ground slowly.
You can hop short distances.
You have an extended range of vision and can be seen from far away.


Message History

You hit the dart slug but do no damage.
The dart slug is almost dead.
The quokka bites you.
The quokka bites you but does no damage.
Aiming: Pain (safe; 4% risk of failure)
Press: ? - help, Q - select action, (/) - cycle Shift-Dir - straight line, f/p - dart slug
Aim: a dart slug (almost dead, chance to affect: 81%)
The dart slug writhes in agony.
You kill the dart slug!
The quokka barely misses you.
An endoplasm comes into view.
A bat comes into view.
The quokka closely misses you. The quokka misses you.
The quokka barely misses you.
Aiming: Pain (safe; 4% risk of failure)
Press: ? - help, Q - select action, (/) - cycle Shift-Dir - straight line, f - quokka
Aim: a quokka (chance to affect: 83%)
The quokka writhes in agony.
The quokka bites you.
* * * LOW HITPOINT WARNING * * *
Unknown command.
Hop to where?
Press: ? - help, Dir - move target, p - quokka Boing!
There is a stone staircase leading down here.
Aiming: Pain (safe; 4% risk of failure)
Press: ? - help, Q - select action, (/) - cycle Shift-Dir - straight line, f - quokka
Aim: a quokka (moderately wounded, chance to affect: 83%)
The quokka barely resists.
The quokka misses you.
Unknown command.
Unknown command.
You hit the quokka but do no damage.
The quokka is moderately wounded.
The quokka bites you but does no damage.
You hit the quokka.
The quokka is severely wounded.
The quokka bites you.
You die...

#...#### #.#####..#
#......# #........#
#.#.##.# ######..##
#.#.##.### ##r###.##
#.#......# ##.#.##.#
#.####.#.###.###>#.#
#.####.#.##.## ##.r#######
#......#.###>###.#.......#
########.@r...#.##.#####.#
#######.# #.......# ###
#.##..... #.##.##.#
#.##†...# #.......#
#[##..... #.......#
####.##.#


You could see a quokka.

Vanquished Creatures
  A dart slug (D:1)
  A bat (D:1)
2 creatures vanquished.

Notes
Turn   | Place    | Note
-------+----------+-------------------------------------------
     0 | D:1      | SnakkuSnakku7 the Barachi Necromancer began the quest for
                  | the Orb.
     0 | D:1      | Reached XP level 1. HP: 13/13 MP: 3/3
   154 | D:1      | Slain by a quokka

Illustrated notes

Levels and vault maps discovered:
D:1:      co_arrival_square_in_a_square_in_a_square, layout_loops_cross,
          minmay_misc_feat_rugged

Action                   || total
-------------------------++-------
Melee: Unarmed           ||     4
 Cast: Pain              ||     8
 Abil: Hop               ||     1
Armor: Robe              ||     4
Dodge: Dodged            ||    12
